Map: Lerilak Crest

Players

BadiERobot - Winner!

  • Race: Zerg Zerg
  • League: Diamond

LilDicky

  • Race: Terran Terran
  • League: Diamond

VOD

http://www.twitch.tv/tumescentpie

Description

Time

  • Played on: Dec. 12, 2015, 11:52 a.m.
  • Length: 6:38
Show
View Real Time Build Order
Export as new Build Order

BadiERobot Zerg - Winner!

Build Orders: Hatch First 

Get SALT Encoding   

  12  0:01  Drone  
  13  0:12  Overlord  
  13  0:17  Drone  
  14  0:30  Drone x2  
  14  0:34  Drone  
  17  0:53  Hatchery  
  16  1:01  Drone  
  16  1:02  Drone  
  18  1:07  Drone, Extractor  
  18  1:26  Drone, Spawning Pool  
  18  1:28  Drone  
  19  1:43  Overlord  
  19  2:13  Queen x2  
  19  2:15  Zergling x4  
  25  2:18  Drone x3  
  28  2:25  Metabolic Boost  
  28  2:33  Drone  
  28  2:34  Drone  
  30  2:41  Drone x2  
  32  2:48  Drone  
  32  2:50  Overlord  
  33  2:58  Drone  
  34  3:00  Drone  
  35  3:12  Drone x2  
  37  3:17  Hatchery  
  36  3:23  Overlord x2  
  36  3:26  Drone x6  
  42  3:32  Extractor  
  42  3:33  Extractor  
  40  3:47  Overlord  
  39  3:54  Roach Warren  
  38  3:59  Drone x3  
  38  4:00  Drone x6  
  47  4:03  Overlord  
  47  4:08  Drone  
  48  4:14  Drone  
  49  4:21  Overlord  
  49  4:27  Zergling x2  
  49  4:28  Zergling x8  
  49  4:29  Overlord x3  
  54  4:34  Roach  
  54  4:36  Lair  
  56  4:53  Overlord x2  
  56  4:54  Roach x4  
  64  5:05  Zergling x8  
  64  5:06  Zergling x6  
  66  5:19  Roach  
  66  5:20  Roach  
  66  5:21  Roach  
  71  5:22  Drone x2  
  73  5:40  Roach x4  
  81  5:45  Drone  
  81  5:46  Overlord x2  
  80  6:11  Evolution Chamber  
  80  6:13  Ravager x3  
  80  6:14  Evolution Chamber, Ravager  
  80  6:15  Roach x2  
  80  6:16  Roach x6  
  98  6:19  Ravager x3  
  98  6:24  Drone x6  
Show
View Real Time Build Order
Export as new Build Order

LilDicky Terran 

Build Orders: Liberator Opening 

Get SALT Encoding   

  12  0:01  SCV  
  13  0:13  SCV  
  14  0:20  Supply Depot  
  14  0:25  SCV  
  15  0:32  Refinery  
  15  0:41  SCV  
  16  0:45  Barracks  
  16  0:53  SCV  
  17  1:05  SCV  
  18  1:18  SCV  
  20  1:33  Marine  
  21  1:41  Command Center  
  20  1:48  Orbital Command  
  20  1:53  Reaper  
  21  1:56  Supply Depot  
  21  2:17  SCV  
  22  2:29  SCV, Marine  
  24  2:33  Factory  
  24  2:35  Refinery  
  24  2:41  SCV  
  25  2:47  Marine  
  26  2:54  SCV  
  26  2:55  Orbital Command  
  27  3:06  SCV  
  27  3:12  Marine  
  29  3:18  SCV  
  29  3:19  Starport  
  30  3:23  Armory  
  30  3:31  SCV  
  30  3:32  SCV  
  30  3:34  Marine  
  32  3:35  Factory Tech Lab  
  32  3:41  Liberator  
  32  3:50  SCV  
  32  3:52  Marine  
  32  3:54  SCV  
  35  3:58  Refinery  
  35  4:02  SCV  
  39  4:06  SCV  
  39  4:09  Marine  
  40  4:14  SCV  
  42  4:18  SCV  
  42  4:26  SCV  
  42  4:27  Marine  
  44  4:36  Supply Depot  
  44  4:40  Liberator  
  44  4:45  Marine  
  45  4:57  Thor  
  45  4:59  Supply Depot  
  54  5:04  Marine  
  54  5:05  SCV  
  49  5:17  SCV  
  50  5:22  Marine  
  50  5:23  Supply Depot  
  50  5:26  SCV  
  50  5:40  Thor, Marine  
  50  5:42  SCV  
  55  5:58  Marine  
  55  6:02  SCV  
  59  6:14  SCV, Barracks  
  59  6:15  Barracks x2  
  59  6:16  Marine  
  59  6:18  Command Center, Supply Depot, SCV  
  61  6:24  Refinery  
  61  6:26  SCV  
Tags
 
Add a new tag
Caveats
  • Supply blocks, unpowered buildings, or Contaminate may cause inaccurate times.
  • Supply counts are checked every 10 seconds.